 Dungeon Crawl Stone Soup version 0.18.1-6-gd335043 (webtiles) character file.

228 Romlok the Cudgeler (level 6, -3/37 HPs)
             Began as a Tengu Enchanter on May 20, 2016.
             Slain by an iguana (10 damage)
             ... on level 5 of the Dungeon.
             The game lasted 00:33:58 (3782 turns).

Romlok the Cudgeler (Tengu Enchanter)               Turns: 3782, Time: 00:34:01

Health: -3/37      AC:  4    Str: 10    XL:     6   Next: 2%
Magic:  10/10      EV: 12    Int: 16    God:
Gold:   279        SH:  0    Dex: 14    Spells: 1 memorised, 8 levels left

rFire  . . .     SeeInvis .     p - +0 flail
rCold  . . .     Gourm    .     g - +0 robe (curse)
rNeg   . . .     Faith    .     (no shield)
rPois  .         Spirit   .     (helmet restricted)
rElec  .         Dismiss  .     (no cloak)
rCorr  .         Reflect  .     m - +0 pair of gloves
SustAt .         Harm     .     (boots unavailable)
MR     .....                    (no amulet)
Stlth  ++........               (no ring)
                                n - +1 ring of protection

@: not resistant to hostile enchantments, unstealthy
A: beak, talons 3, able to fly 1
a: Fly


You were on level 5 of the Dungeon.
You were hungry.

You visited 1 branch of the dungeon, and saw 5 of its levels.

You collected 279 gold pieces.

Inventory:

Hand Weapons
 a - a +1 dagger
 p - a +0 flail (weapon)
Missiles
 f - 11 tomahawks
 j - 101 stones (quivered)
Armour
 b - a +1 robe
 g - a cursed +0 robe (worn)
 m - a +0 pair of gloves (worn)
 q - a +0 ring mail of cold resistance
Jewellery
 n - a +1 ring of protection (left hand)
 s - an uncursed ring of ice
Scrolls
 e - 3 scrolls of identify
 i - 2 scrolls of remove curse
 t - a scroll of enchant armour {unknown}
 v - 2 scrolls of teleportation
Books
 c - a book of Maledictions

   Spells                             Type                      Level
   a - Corona                         Hexes                        1
   b - Ensorcelled Hibernation        Hexes/Ice                    2
   c - Confuse                        Hexes                        3
   d - Tukima's Dance                 Hexes                        3
   e - Dazzling Spray                 Conjuration/Hexes            3
 w - a book of Geomancy

   Spells                             Type                      Level
   a - Sandblast                      Earth                        1
   b - Passwall                       Transmutation/Earth          2
   c - Stone Arrow                    Conjuration/Earth            3
   d - Petrify                        Transmutation/Earth          4
   e - Lee's Rapid Deconstruction     Earth                        5
Comestibles
 d - 2 bread rations
 h - 2 meat rations
 k - a royal jelly
 l - a fruit
 r - 2 slices of pizza


   Skills:
 - Level 3.3 Fighting
 - Level 1.1 Short Blades
 * Level 4.6 Maces & Flails
 - Level 2.1 Dodging
 - Level 3.0 Stealth
 - Level 2.0 Spellcasting
 - Level 2.1 Hexes


You had 8 spell levels left.
You knew the following spells:

 Your Spells              Type           Power        Failure   Level  Hunger
a - Corona                Hex            #......      10%         1    #......


Dungeon Overview and Level Annotations

Branches:
Dungeon (5/15)
 Temple: D:4-7

Altars:
Gozag
Ru

Shops:
D:4 *

Annotations:
D:2 exclusion: 2 adders
D:3 Grinder
D:4 nezrel's ghost, amateur MiBe


Innate Abilities, Weirdness & Mutations

You have a beak for a mouth.
You have claws for feet.
You can fly.


Message History

The orc is moderately wounded.
The iguana closely misses you.
You barely miss the orc priest. Your kick misses the orc priest.
The orc hits you with a club. The iguana bites you.
The orc priest hits you but does no damage.
You barely miss the orc priest. Your peck misses the orc priest.
The iguana bites you!
* * * LOW HITPOINT WARNING * * *
The orc closely misses you.
The orc priest looks braver for a moment.
Drink which item? (? for menu, Esc to quit)
You feel better. The iguana closely misses you. The orc barely misses you.
The orc priest miscasts a cantrip.
You hit the orc priest. Your peck misses the orc priest.
The orc priest is lightly wounded.
The iguana barely misses you. The orc misses you.
The orc priest hits you with a short sword!
* * * LOW HITPOINT WARNING * * *
The iguana bites you!
You die...

....Y.... ###......
#..#... #..#...
#..#..# ....... ###
#..##c..
##...######## #.....
......o@....###.....!
##.#..lo.<..........[
#.................
#........####...#.
#........# .##
#........# #........#
....##..... ....
#######


You could see an iguana, an orc priest and an orc.

Vanquished Creatures
  A scorpion (D:4)
  A hound (D:5)
  2 worker ants (D:4)
  2 adders (D:3)
  An adder skeleton (D:4)
  5 worms
  A dart slug (D:1)
  2 giant geckos
  4 orcs
  3 ball pythons
  3 giant cockroaches
  5 goblins
  7 hobgoblins
  A quokka (D:2)
  6 bats
  7 giant newts
  A jackal zombie (D:4)
  5 kobolds
  5 rats
62 creatures vanquished.

Notes
Turn   | Place    | Note
--------------------------------------------------------------
     0 | D:1      | Romlok the Tengu Enchanter began the quest for the Orb.
     0 | D:1      | Reached XP level 1. HP: 10/10 MP: 4/4
    48 | D:1      | Reached skill level 1 in Fighting
    95 | D:1      | Reached XP level 2. HP: 12/16 MP: 6/6
   117 | D:1      | You fall through a shaft!
   830 | D:2      | Reached XP level 3. HP: 22/22 MP: 7/7
  2112 | D:3      | Reached XP level 4. HP: 25/28 MP: 8/8
  2134 | D:3      | Noticed Grinder
  2246 | D:3      | Reached skill level 1 in Maces & Flails
  2441 | D:3      | Found an opulent altar of Gozag.
  2848 | D:3      | Reached skill level 2 in Maces & Flails
  3094 | D:4      | Found Vaiminot's General Store.
  3134 | D:4      | Noticed nezrel's ghost (amateur MiBe)
  3393 | D:4      | Reached skill level 3 in Maces & Flails
  3393 | D:4      | Gained mutation: You can fly. [Tengu growth]
  3393 | D:4      | Reached XP level 5. HP: 23/32 MP: 7/9
  3576 | D:4      | Noticed a phantom
  3594 | D:5      | Entered Level 5 of the Dungeon
  3601 | D:5      | Reached skill level 4 in Maces & Flails
  3621 | D:5      | Found a sacrificial altar of Ru.
  3632 | D:5      | Noticed a sky beast
  3632 | D:5      | Noticed a centaur
  3649 | D:5      | Noticed a sky beast
  3673 | D:4      | Reached XP level 6. HP: 31/37 MP: 10/10
  3782 | D:5      | Slain by an iguana

Skill      XL: |  1  2  3  4  5 |
---------------+----------------+-----
Fighting       | 1 2 3 |  3.3
Maces & Flails | 3 4 |  4.6
Short Blades   | |  1.1
Dodging        | |  2.1
Stealth        | |  3.0
Spellcasting   | |  2.0
Hexes          | |  2.1

Action                   |  1- 3 |  4- 6 || total
-------------------------+-------+-------++-------
Melee: Dagger            |   124 |       ||   124
       Kick              |    22 |    14 ||    36
       Peck              |    18 |    11 ||    29
       Flail             |     6 |    63 ||    69
Throw: Stone             |     3 |       ||     3
 Cast: Corona            |     8 |     6 ||    14
  Use: Scroll            |     2 |     4 ||     6
       Potion            |     2 |     5 ||     7
 Stab: Sleeping          |    10 |     5 ||    15
       Distracted        |     1 |       ||     1
  Eat: Chunk             |     4 |     3 ||     7
       Fruit             |       |     2 ||     2
Armor: Robe              |    16 |    17 ||    33
Dodge: Dodged            |    53 |    39 ||    92
